Map: Cactus Valley LE (Void)

Players

Tbeezy

  • Race: Terran Terran

Cereal - Winner!

  • Race: Zerg Zerg

VOD

Have the link to the VOD?

Description

Time

  • Played on: May 1, 2015, 8:53 p.m.
  • Length: 12:58
Show
View Real Time Build Order
Export as new Build Order

Tbeezy Terran 

Build Orders: Mech, Siege Tank Drop 

Get SALT Encoding   

  12  0:01  SCV  
  13  0:13  Supply Depot  
  13  0:17  SCV  
  14  0:29  SCV  
  15  0:38  Barracks  
  15  0:41  SCV  
  16  0:44  Refinery  
  16  0:53  SCV  
  17  1:05  SCV  
  18  1:17  SCV  
  19  1:26  Marine  
  19  1:30  Orbital Command  
  20  1:36  Supply Depot  
  20  1:44  Marine  
  21  1:54  Command Center  
  21  1:55  SCV  
  22  2:07  Factory  
  22  2:09  SCV  
  22  2:12  Marine  
  24  2:24  Bunker  
  24  2:25  SCV  
  24  2:27  Refinery  
  26  2:39  SCV  
  26  2:52  Factory Tech Lab  
  26  2:53  Starport  
  26  2:57  SCV  
  27  3:07  Orbital Command  
  27  3:09  SCV  
  27  3:12  Siege Tank  
  31  3:23  SCV  
  32  3:31  Medivac  
  34  3:36  SCV  
  34  3:37  SCV  
  34  3:39  Command Center  
  36  3:44  Marine  
  40  3:48  SCV, Siege Tank  
  40  3:53  SCV  
  42  4:00  SCV  
  42  4:02  Refinery x2  
  43  4:05  SCV  
  44  4:11  Medivac  
  44  4:16  Supply Depot  
  46  4:18  Supply Depot  
  46  4:37  SCV x2, Siege Tank  
  51  4:49  SCV x2  
  53  4:59  Orbital Command  
  53  5:02  SCV, Factory  
  53  5:04  Armory  
  53  5:06  Factory  
  54  5:08  SCV  
  54  5:14  SCV  
  56  5:20  SCV  
  57  5:21  Medivac  
  57  5:22  Siege Tank  
  62  5:34  SCV x3  
  65  5:36  Barracks Reactor  
  65  5:46  SCV x2  
  65  5:47  SCV  
  65  5:57  Orbital Command  
  65  5:58  SCV x2  
  65  6:02  Factory Tech Lab  
  65  6:03  Factory Tech Lab  
  65  6:04  Factory Reactor  
  68  6:05  Factory, Terran Vehicle and Ship Weapons Level 1  
  68  6:06  Factory  
  68  6:10  SCV x2  
  69  6:22  SCV x2, Supply Depot  
  69  6:24  Supply Depot  
  69  6:25  Supply Depot, Medivac x2  
  75  6:28  Command Center  
  75  6:34  SCV x2  
  77  6:44  SCV, Hellbat x2  
  77  6:46  SCV  
  83  6:56  SCV x2  
  83  6:57  Siege Tank  
  92  7:01  SCV  
  90  7:09  SCV x2  
  90  7:10  Thor  
  90  7:11  Factory Tech Lab  
  90  7:13  Factory Reactor, Medivac  
  90  7:14  SCV  
  97  7:16  Refinery  
  97  7:17  Refinery  
  97  7:18  Engineering Bay, Missile Turret  
  97  7:19  Missile Turret  
  97  7:21  SCV x2, Missile Turret  
  97  7:22  Missile Turret x2  
  99  7:25  Missile Turret  
  99  7:26  SCV  
  99  7:27  Missile Turret  
  100  7:33  SCV  
  101  7:40  SCV  
  101  7:41  SCV, Supply Depot x3  
  101  7:43  Supply Depot  
  103  7:45  Supply Depot, SCV  
  103  7:50  Hellbat x2  
  108  7:59  Terran Vehicle And Ship Armor Level 1  
  106  8:13  Missile Turret  
  106  8:15  Hi-Sec Auto Tracking, Missile Turret  
  102  8:23  Thor  
  102  8:24  Thor, Hellbat  
  106  8:31  Missile Turret, Hellbat x3  
  112  8:37  Refinery  
  112  8:40  Missile Turret x2  
  103  8:50  Thor, Refinery  
  103  8:52  Infernal Pre-Igniter  
  107  8:58  SCV x2, Armory  
  107  9:00  SCV  
  109  9:09  Siege Tank, Hellbat x2  
  120  9:10  SCV x2, Hellbat x2  
  120  9:12  SCV  
  123  9:21  Missile Turret  
  123  9:22  SCV x2  
  125  9:26  Thor  
  125  9:27  Planetary Fortress  
  131  9:33  SCV  
  131  9:34  SCV  
  131  9:35  Hellbat x4  
  141  9:43  Thor  
  147  9:46  Terran Vehicle and Ship Weapons Level 2  
  147  9:48  Supply Depot  
  147  9:53  SCV x2  
  149  10:03  Thor  
  149  10:04  Hellbat x3  
  161  10:14  Thor  
  161  10:20  SCV x4  
  171  10:23  Supply Depot  
  171  10:25  Hellbat, Medivac x2  
  171  10:26  Supply Depot  
  177  10:31  Factory  
  177  10:33  Factory  
  177  10:34  SCV x2  
  177  10:35  SCV  
  180  10:37  Terran Vehicle And Ship Armor Level 2  
  180  10:45  SCV  
  181  10:51  Siege Tank x2, Hellbat x2  
  181  10:52  Hellbat x2  
  195  10:58  Starport  
  195  11:08  Command Center  
  151  11:40  Thor  
  151  11:41  Thor x2  
  151  11:43  Hellbat  
  151  11:44  Factory Tech Lab  
  151  11:45  Factory Tech Lab  
  135  12:13  Thor  
  135  12:14  Starport Reactor  
  144  12:48  Missile Turret x2  
  144  12:49  Missile Turret x2  
Show
View Real Time Build Order
Export as new Build Order

Cereal Zerg - Winner!

Build Orders: 3 Hatch before Pool 

Get SALT Encoding   

  12  0:27  Hatchery  
  11  0:30  Drone  
  12  0:37  Drone  
  12  0:40  Drone  
  14  1:14  Hatchery, Drone  
  14  1:17  Extractor  
  14  1:28  Spawning Pool  
  14  1:32  Drone  
  14  1:40  Drone x2  
  14  1:45  Drone  
  17  1:47  Drone  
  18  1:57  Drone x2  
  20  2:25  Queen x2  
  20  2:28  Overlord  
  24  2:33  Drone  
  24  2:34  Drone  
  26  2:45  Overlord  
  26  2:47  Drone x6  
  32  2:55  Drone x2  
  34  3:01  Overlord  
  34  3:04  Queen  
  36  3:07  Drone x2  
  36  3:10  Drone x2  
  40  3:14  Drone, Extractor  
  40  3:15  Extractor  
  40  3:18  Drone  
  40  3:22  Drone  
  40  3:24  Drone  
  42  3:28  Drone  
  42  3:31  Drone  
  42  3:33  Drone x2  
  46  3:35  Drone x3  
  46  3:36  Drone  
  46  3:40  Overlord  
  50  3:47  Overlord  
  50  3:56  Metabolic Boost  
  50  3:58  Drone  
  50  3:59  Drone x5  
  50  4:02  Overlord  
  56  4:06  Overlord  
  56  4:08  Drone x3  
  56  4:09  Drone  
  60  4:15  Lair  
  60  4:19  Drone x4  
  60  4:20  Drone  
  60  4:22  Drone  
  60  4:23  Drone  
  67  4:25  Drone  
  67  4:28  Extractor x2  
  67  4:30  Drone  
  67  4:31  Drone x3  
  70  4:34  Drone, Extractor x2  
  70  4:37  Drone x2  
  70  4:38  Drone  
  72  4:39  Drone  
  72  4:40  Zergling x2  
  72  4:46  Zergling x10  
  75  4:53  Zergling x8  
  79  5:02  Zergling x2  
  79  5:03  Zergling x4  
  81  5:20  Drone  
  82  5:40  Zergling x2  
  82  5:43  Overlord x2  
  82  5:44  Overlord x6, Spire  
  82  5:45  Overlord x4  
  81  5:51  Spore Crawler  
  81  5:52  Spore Crawler x2  
  81  5:53  Queen  
  75  5:57  Zergling x2  
  75  5:58  Zergling x4  
  78  6:08  Drone  
  78  6:09  Drone x2  
  81  6:15  Drone  
  82  6:19  Drone x3  
  82  6:20  Drone x2  
  82  6:21  Baneling Nest  
  82  6:47  Zergling x22  
  90  6:57  Mutalisk  
  90  6:58  Mutalisk x5  
  96  7:01  Mutalisk  
  97  7:08  Mutalisk  
  97  7:09  Mutalisk x3  
  97  7:11  Queen  
  107  7:15  Zerg Flyer Weapons Level 1  
  107  7:17  Drone  
  107  7:18  Infestation Pit  
  107  7:22  Mutalisk  
  107  7:23  Mutalisk x4  
  117  7:34  Mutalisk x3  
  117  7:36  Hatchery  
  122  7:41  Mutalisk  
  122  7:43  Mutalisk x2  
  128  7:49  Hatchery  
  127  7:59  Drone  
  127  8:01  Drone x3  
  127  8:02  Drone x6  
  127  8:03  Spire  
  128  8:15  Mutalisk x3  
  128  8:18  Drone x6  
  139  8:27  Drone x2  
  139  8:30  Extractor  
  140  8:35  Extractor  
  126  8:43  Zergling x8  
  126  8:48  Mutalisk x4  
  123  8:52  Extractor  
  123  8:53  Extractor  
  125  9:02  Drone x3, Queen  
  129  9:11  Hive, Zerg Flyer Weapons Level 2  
  129  9:15  Drone  
  129  9:16  Drone x9  
  139  9:18  Mutalisk  
  141  9:32  Mutalisk x4  
  141  9:34  Overlord x3  
  141  9:35  Overlord  
  141  9:38  Zerg Flyer Armor Level 1  
  149  9:46  Mutalisk x2  
  149  9:51  Mutalisk x2  
  157  9:56  Hatchery, Mutalisk  
  157  9:58  Drone x5  
  163  10:00  Overlord  
  163  10:01  Mutalisk  
  163  10:06  Hatchery  
  164  10:09  Mutalisk x3  
  164  10:13  Mutalisk  
  172  10:18  Mutalisk  
  172  10:21  Mutalisk  
  174  10:26  Drone  
  174  10:27  Drone x9  
  186  10:33  Mutalisk  
  186  10:34  Mutalisk x2  
  192  10:39  Overseer x2  
  192  10:40  Pneumatized Carapace  
  192  10:43  Extractor  
  192  10:44  Drone x4, Mutalisk  
  192  10:46  Mutalisk  
  199  10:50  Mutalisk, Extractor  
  200  11:02  Extractor x2  
  200  11:03  Mutalisk  
  195  11:29  Mutalisk x3  
  195  11:30  Mutalisk x6  
  195  11:33  Mutalisk x2  
  195  11:39  Mutalisk, Swarm Host  
  186  11:44  Zergling x16  
  186  11:45  Zergling x14  
  198  11:53  Drone x9  
  184  11:59  Drone  
  184  12:00  Drone  
  163  12:04  Mutalisk x2  
  163  12:05  Mutalisk x3  
  165  12:14  Mutalisk x3  
Tags
 
Add a new tag
Caveats
  • Supply blocks, unpowered buildings, or Contaminate may cause inaccurate times.
  • Supply counts are checked every 10 seconds.